 Dungeon Sprint DCSS version 0.30-a0-634-g8abc85282e (webtiles) character file.

Game seed: 15936079786802866860

121 mhtbhm the Ruffian (level 4, -8/41 HPs)
             Began as a Troll Transmuter on Jan 15, 2023.
             Mangled by a shadow (22 damage)
             ... in the Dungeon (Sprint III: "The Ten Rune Challenge").
             The game lasted 00:01:07 (523 turns).

mhtbhm the Ruffian (Troll Transmuter)                Turns: 523, Time: 00:01:07

Health: -8/41      AC:  0    Str: 20    XL:     4   Next: 77%
Magic:  4/7        EV: 10    Int:  9    God:
Gold:   28         SH:  0    Dex: 10    Spells: 2/8 levels left

rFire   . . .      SeeInvis .      - Unarmed
rCold   . . .      Faith    .    (no shield)
rNeg    . . .      Spirit   .    a - +0 robe
rPois   .          Reflect  .    (helmet restricted)
rElec   .          Harm     .    (no cloak)
rCorr   .          Rampage  .    (gloves unavailable)
Will    .....      NoTele   +    (boots unavailable)
Stlth   +                        (no amulet)
HPRegen 1.06/turn                (no ring)
MPRegen 0.10/turn                (no ring)

@: corroded
A: large, unfitting armour, claws 3, regeneration 1, shaggy fur 1, tough skin 1
a: no special abilities


You were in the Dungeon.
You visited 1 branch You collected 28 gold pieces.

Inventory:

Armour
 a - a +0 robe (worn)
Scrolls
 h - a scroll of blinking
 k - a scroll of immolation {unknown}
 l - 4 scrolls of identify
 n - a scroll of poison {unknown}
Potions
 b - a potion of lignification
 c - 3 potions of curing
 d - a potion of heal wounds
 e - 4 potions of haste
 f - 2 potions of magic
 i - a potion of attraction {unknown}
 j - 2 potions of mutation {unknown}
 m - 2 potions of flight {unknown}
 o - a potion of might {unknown}


   Skills:
 + Level 1.1 Fighting
 + Level 3.1 Dodging
 + Level 0.3 Stealth
 + Level 7.1 Unarmed Combat
 + Level 2.9 Spellcasting
 + Level 3.3 Transmutations


You had 2 spell levels left.
You knew the following spells:

 Your Spells              Type           Power      Damage    Failure   Level
a - Beastly Appendage     Tmut           14%        N/A       8%          1
b - Wereblood             Tmut           7%         N/A       12%         2
c - Spider Form           Tmut/Pois      4%         N/A       41%         3

Your spell library contained the following spells:

 Spells                   Type           Power      Damage    Failure   Level
 Ice Form                 Ice/Tmut       4%         N/A       83%         4


Dungeon Overview and Level Annotations

Branches:
Dungeon (1/1)

Altars:


Innate Abilities, Weirdness & Mutations

You are too large for most types of armour.
You have claws for hands.
Your natural rate of healing is unusually fast.
You are covered in fur. (AC +1)
You have tough skin. (AC +1)


Message History

You claw the jelly, but do no damage.
The jelly is almost dead.
You scratch the jelly.
You feel a bit better.
You kill the jelly!
Your Dodging skill increases to level 3!
Your Unarmed Combat skill increases to level 7!
You start resting.
Your primal bloodlust is almost over.
You start resting.
You howl as the wereblood boils in your veins!
Your horns disappear.
Your talons disappear.
You start resting.
A shadow comes into view.
You claw the shadow!
The shadow is heavily damaged.
The shadow hits you!
You closely miss the shadow.
The shadow is heavily damaged.
The shadow hits you.
You scratch the shadow but do no damage.
The shadow is heavily damaged.
Your primal bloodlust has ended.
The shadow misses you.
You scratch the shadow but do no damage.
The shadow is moderately damaged.
The shadow completely misses you.
You claw the shadow!
The shadow is almost destroyed.
The shadow hits you!
* * * LOW HITPOINT WARNING * * *
You barely miss the shadow.
The shadow is almost destroyed.
The shadow slips into darkness.
The shadow flickers and vanishes!
Deactivating autopickup; reactivate with Ctrl-A.
Unknown command.
You closely miss something.
The shadow strikes at you from the darkness!
Ouch! That really hurt!
You die...

▓▓▓ # ##.# #####..#
.#..#..#
.#..#..###+#+###+##
.##'#..#..........#
.###...'.⌠......@.#
####...#...######{#
###....#.⌠.# ..#
##.....#...# ...#
#.†....#+### #...#
.#.....# #...+
###....# +...#
▓▓▓▓▓▓ ▓▓▓▓▓


There were no monsters in sight!

Vanquished Creatures
  A water elemental (D)
  A jelly (D)
  A human (D)
  A wolf (D)
  4 rats (D)
8 creatures vanquished.

Notes
Turn   | Place    | Note
-------+----------+-------------------------------------------
     0 | D        | mhtbhm the Troll Transmuter began the quest for the Orb.
     0 | D        | Reached XP level 1. HP: 18/18 MP: 1/1
   112 | D        | Reached skill level 4 in Unarmed Combat
   112 | D        | Reached XP level 2. HP: 12/26 MP: 1/3
   277 | D        | Learned a level 2 spell: Wereblood
   283 | D        | Reached skill level 5 in Unarmed Combat
   283 | D        | Reached XP level 3. HP: 23/32 MP: 1/5
   335 | D        | Learned a level 3 spell: Spider Form
   459 | D        | Noticed a water elemental
   464 | D        | Killed a water elemental
   465 | D        | Reached skill level 1 in Fighting
   465 | D        | Reached skill level 6 in Unarmed Combat
   465 | D        | Reached XP level 4. HP: 41/41 MP: 2/6
   511 | D        | Reached skill level 7 in Unarmed Combat
   516 | D        | Noticed a shadow
   523 | D        | Mangled by a shadow

Illustrated notes

Levels and vault maps discovered:
D:        dungeon_sprint_mu [sprint_mu_entry_cave, sprint_mu_temple_rooms,
          sprint_mu_d1_spiders, sprint_mu_d2_genie, sprint_mu_d3_branching,
          sprint_mu_orc_legion, sprint_mu_elf_gauntlet, sprint_mu_hive_nellie,
          sprint_mu_lair_fedhas, sprint_mu_vaults_butterflies,
          sprint_mu_slime_circle, sprint_mu_shoals_archi,
          sprint_mu_snake_twists, sprint_mu_blade_basic, sprint_mu_crypt_lich,
          sprint_mu_tomb_spiral, sprint_mu_vestibule_basic,
          sprint_mu_gehenna_hellfire, sprint_mu_dis_giant,
          sprint_mu_tartarus_statrot, sprint_mu_cocytus_islands, sprint_mu_zot1]

Skill      XL: |  1  2  3  4 |
---------------+-------------+-----
Dodging        | 2 3 |  3.1
Unarmed Combat | 4 5 6 7 |  7.1
Transmutations | 2 3 |  3.3
Spellcasting   | 2 |  2.9
Fighting       | 1 |  1.1
Stealth        | |  0.3

Action                   |  1- 3 |  4- 6 || total
-------------------------+-------+-------++-------
Melee: Unarmed           |    23 |     9 ||    32
       Headbutt          |     3 |       ||     3
       Kick              |     2 |     1 ||     3
       Punch             |     2 |       ||     2
 Cast: Beastly Appendage |     7 |     1 ||     8
       Wereblood         |     1 |     1 ||     2
  Use: Potion            |     1 |       ||     1
Armor: Robe              |     5 |       ||     5
Dodge: Dodged            |     7 |     2 ||     9

Table legend: (Time is in decaauts)
 A = Elapsed time spent in this place.
 B = Non-inter-level travel time spent in this place.
 C = Inter-level travel time spent in this place.
 D = Time resting spent in this place.
 E = Time spent auto-exploring this place.
 F = Levels seen in this place.
 G = Mean time per level.
                   A        B        C        D        E       F      G
               +--------+--------+--------+--------+--------+-----+--------+
         Total |    525 |    525 |      0 |    341 |     73 |   1 |  525.0 |
       Dungeon |    525 |    525 |      0 |    341 |     73 |   1 |  525.0 |
               +--------+--------+--------+--------+--------+-----+--------+

Top non-repeatable levels by time:
       D: 525 daAuts
